 Dungeon Crawl Stone Soup version 0.30-a0-862-g1aabd4f9c5 (webtiles) character file.

Game seed: 1808617925216777610

105 cforsyth the Magician (level 4, -3/36 HPs)
             Began as a Deep Elf Earth Elementalist on Mar 9, 2023.
             Slain by a gnoll
             ... wielding a +0 halberd
             ... led by a gnoll bouda
              (5 damage)
             ... on level 4 of the Dungeon.
             The game lasted 00:03:14 (2418 turns).

cforsyth the Magician (Deep Elf Earth Elementalist) Turns: 2418, Time: 00:03:14

Health: -3/36      AC: 22    Str:  5    XL:     4   Next: 53%
Magic:  7/13       EV:  2    Int: 22    God:
Gold:   162        SH:  5    Dex: 15    Spells: 12/13 levels left

rFire   . . .      SeeInvis .    (no weapon)
rCold   . . .      Faith    .    (no shield)
rNeg    . . .      Spirit   .    g - melded +2 leather armour {rF+}
rPois   +          Reflect  +    (helmet currently unavailable)
rElec   .          Rampage  .    u - melded +0 cloak
rCorr   .          NoTele   +    (gloves currently unavailable)
Will    .....                    (boots currently unavailable)
Stlth   ++                       i - amulet of reflection
HPRegen 0.26/turn                (no ring)
MPRegen 0.13/turn                (no ring)

@: tree-form, weakened
A: stationary, stasis, torment immunity, boosted hp
a: no special abilities


You were on level 4 of the Dungeon.
You were a tree.
You visited 1 branch of the dungeon, and saw 4 of its levels.

You collected 162 gold pieces.

Inventory:

Armour
 a - a +0 robe
 g - a +2 leather armour of fire resistance (melded)
 u - a +0 cloak (melded)
Jewellery
 i - an amulet of reflection (around neck)
Scrolls
 c - 2 scrolls of identify
 d - a scroll of enchant armour {unknown}
 k - a scroll of blinking {unknown}
 l - a scroll of acquirement {unknown}
 r - a scroll of poison {unknown}
 s - a scroll of noise {unknown}
Potions
 b - a potion of magic
 e - 2 potions of flight {unknown}
 f - a potion of cancellation {unknown}
 h - a potion of heal wounds {unknown}
 j - a potion of mutation {unknown}
 m - 2 potions of resistance
 n - a potion of curing {unknown}
 o - a potion of lignification
 p - a potion of brilliance {unknown}
 q - 2 potions of degeneration {unknown}
 t - a potion of attraction {unknown}
 v - a potion of might {unknown}


   Skills:
 - Level 2.4 Dodging
 - Level 2.4 Stealth
 + Level 5.0 Spellcasting
 - Level 1.1 Transmutations
 + Level 4.7 Earth Magic


You had 12 spell levels left.
You knew the following spells:

 Your Spells              Type           Power      Damage    Failure   Level
a - Sandblast             Erth           52%        2d12      1%          1

Your spell library contained the following spells:

 Spells                   Type           Power      Damage    Failure   Level
 Passwall                 Tmut/Erth      15%        N/A       4%          2
 Stone Arrow              Conj/Erth      32%        3d9       12%         3
 Petrify                  Tmut/Erth      18%        N/A       30%         4
 Summon Forest            Summ/Tloc      2%         N/A       95%         5
 Summon Mana Viper        Hex/Summ       5%         N/A       95%         5
 Summon Cactus Giant      Summ           2%         N/A       100%        6


Dungeon Overview and Level Annotations

Branches:
Dungeon (4/15)
 Temple: D:4-7

Altars:
Kikubaaqudgha
Ru
Zin


Message History

The blast of sand hits the gnoll!!
You kill the gnoll!
A phantom comes into view.
The gnoll bouda gazes fiercely through you!
You feel as though you will be weak longer.
Your Spellcasting skill increases to level 5!
The blast of sand hits the gnoll bouda but does no damage.
The gnoll bouda gazes fiercely through you!
You feel as though you will be weak longer.
The blast of sand hits the gnoll bouda but does no damage.
A gnoll comes into view. It is wielding a +1 whip of flaming.
The blast of sand hits the gnoll bouda.
The gnoll bouda is moderately wounded.
The gnoll shouts!
The gnoll hits you from afar with a +0 halberd.
The gnoll bouda closely misses you.
The blast of sand hits the gnoll bouda but does no damage.
The gnoll bouda is moderately wounded.
The gnoll hits you from afar with a +0 halberd!
The gnoll bouda hits you with a +0 whip.
The gnoll bouda gazes fiercely through you!
You feel as though you will be weak longer.
The gnoll bouda closely misses you.
The gnoll hits you from afar with a +0 halberd!
* * * LOW HITPOINT WARNING * * *
As you read the scroll labelled ADU ROCKESUE, it crumbles to dust.
It is a scroll of identify.
m - 2 potions of resistance The gnoll bouda gazes fiercely through you!
You feel as though you will be weak longer.
The gnoll bouda hits you with a +0 whip.
* * * LOW HITPOINT WARNING * * *
The gnoll misses you. The phantom closely misses you.
It was a potion of lignification.
You turn into a tree.
Your +0 cloak melds into your body.
Your +2 leather armour of fire resistance melds into your body.
You feel less resistant to fire.
Your roots penetrate the ground.
The gnoll bouda hits you but does no damage.
The gnoll hits you from afar with a +0 halberd.
You die...

....... ...
...#######
.............#
..)...$......#
...#.......#
.........#
#.......#
#.♣.....#
#Wg.....#
.g.#######
.).g. .....#.
##...#. #.. ..
.#. ##


You could see a phantom, a gnoll bouda and 2 gnolls.

Vanquished Creatures
  An orc wizard (D:3)
  A gnoll (D:4)
  A worm (D:2)
  7 orcs (D:3)
  An endoplasm (D:1)
  3 goblins
  5 hobgoblins
  11 jackals
  3 kobolds
  2 quokkas (D:1)
  7 ball pythons
  4 bats
  4 frilled lizards
  6 rats
56 creatures vanquished.

Vanquished Creatures (others)
  A human (D:3)
1 creature vanquished.

Grand Total: 57 creatures vanquished

Notes
Turn   | Place    | Note
-------+----------+-------------------------------------------
     0 | D:1      | cforsyth the Deep Elf Earth Elementalist began the quest
                  | for the Orb.
     0 | D:1      | Reached XP level 1. HP: 10/10 MP: 6/6
   219 | D:1      | Found a faded altar of an unknown god.
   272 | D:1      | Reached XP level 2. HP: 15/15 MP: 6/8
  1065 | D:2      | Reached skill level 4 in Spellcasting
  1087 | D:2      | Reached XP level 3. HP: 19/19 MP: 7/10
  1283 | D:2      | Found a sacrificial altar of Ru.
  1758 | D:3      | Found an ancient bone altar of Kikubaaqudgha.
  1828 | D:3      | Found a glowing silver altar of Zin.
  1891 | D:3      | Reached XP level 4. HP: 15/24 MP: 5/12
  2243 | D:3      | Noticed a human
  2245 | D:3      | Killed a human
  2412 | D:4      | Noticed a phantom
  2413 | D:4      | Reached skill level 5 in Spellcasting
  2417 | D:4      | HP: 1/24 [gnoll bouda/+0 whip (2)]
  2418 | D:4      | Slain by a gnoll

Illustrated notes

Levels and vault maps discovered:
D:1:      amcnicky_arrival_abandoned_market, layout_loops_cross,
          hellmonk_ecumenical_altar_zigzags, grunt_decor_cap
D:2:      layout_loops_ring, basic_altar, serial_glass, glass_columns_a,
          glass_columns_b
D:3:      layout_basic, zin_scriptorium, tgw_kikubaaqudgha
D:4:      layout_loops_cross, kennysheep_mini

Skill      XL: |  1  2  3  4 |
---------------+-------------+-----
Spellcasting   | 4 5 |  5.0
Earth Magic    | 4 |  4.7
Dodging        | |  2.4
Stealth        | |  2.4
Transmutations | |  1.1

Action                     |  1- 3 |  4- 6 || total
---------------------------+-------+-------++-------
   Cast: Sandblast         |    71 |     8 ||    79
    Use: Scroll            |       |     1 ||     1
         Potion            |       |     1 ||     1
 Armour: Leather armour    |     2 |       ||     2
         Skin              |       |     1 ||     1
  Dodge: Dodged            |    12 |     4 ||    16
  Block: Other             |     1 |       ||     1

Table legend: (Time is in decaauts)
 A = Elapsed time spent in this place.
 B = Non-inter-level travel time spent in this place.
 C = Inter-level travel time spent in this place.
 D = Time resting spent in this place.
 E = Time spent auto-exploring this place.
 F = Levels seen in this place.
 G = Mean time per level.
                   A        B        C        D        E       F      G
               +--------+--------+--------+--------+--------+-----+--------+
         Total |   2457 |   2401 |     56 |     61 |   2022 |   4 |  614.2 |
       Dungeon |   2457 |   2401 |     56 |     61 |   2022 |   4 |  614.2 |
               +--------+--------+--------+--------+--------+-----+--------+

Top non-repeatable levels by time:
     D:3: 849 daAuts
     D:2: 828 daAuts
     D:1: 766 daAuts
     D:4: 12 daAuts
